 Dungeon Crawl Stone Soup version 0.15-b1-129-g6fffc38 (webtiles) character file.

61 Monunkul the Stinger (level 3, -1/28 HPs)
             Began as a Minotaur Venom Mage on Aug 28, 2014.
             Killed from afar by an orc wizard (3 damage)
             ... with a puff of frost
             ... on Level 3 of the Dungeon.
             The game lasted 00:07:05 (2081 turns).

Monunkul the Stinger (Minotaur Venom Mage)          Turns: 2081, Time: 00:07:05

HP  -1/28        AC  5     Str 12      XL: 3   Next: 83%
MP   3/3         EV  9     Int 12      God:
Gold 179         SH  0     Dex 11      Spells:  1 memorised,  3 levels left

rFire  + . .     SeeInvis .     n - +2 short sword (drain)
rCold  x . .     Clarity  .     p - +0 ring mail
rNeg   . . .     rCorr    .     (no shield)
rPois  .         rRot     .     (helmet restricted)
rElec  .         Spirit   .     (no cloak)
SustAb .         Warding  .     (no gloves)
rMut   .         Stasis   .     (no boots)
Gourm  .                        (no amulet)
MR     .....                    (no ring)
                                j - ring of fire

@: not resistant to hostile enchantments, very unstealthy
A: retaliatory headbutt, horns 2
a: no special abilities


You were on level 3 of the Dungeon.
You were not hungry.

You visited 1 branch of the dungeon, and saw 3 of its levels.

You collected 179 gold pieces.

Inventory:

Hand weapons
 n - a +2 short sword of draining (weapon)
Armour
 p - a +0 ring mail (worn)
Comestibles
 c - 3 bread rations
 m - a meat ration
Scrolls
 a - 5 scrolls of identify
 g - 2 scrolls of noise {unknown}
 h - 2 scrolls of magic mapping {unknown}
 i - a scroll of remove curse {unknown}
 l - 2 scrolls of immolation {unknown}
 q - a scroll of recharging {unknown}
 s - a scroll of enchant armour {unknown}
Jewellery
 j - a ring of fire (left hand)
Potions
 d - a potion of curing {unknown}
 e - a potion of brilliance
 f - a potion of confusion {unknown}
 k - a potion of flight {unknown}
 o - a potion of poison {unknown}
 r - a potion of mutation {unknown}
Books
 b - a Young Poisoner's Handbook

   Spells                             Type                      Level
   *Sting                             Conjuration/Poison           1
   Cure Poison                        Poison                       2
   Mephitic Cloud                     Conjuration/Poison/Air       3
   Olgreb's Toxic Radiance            Poison                       4
   Venom Bolt                         Conjuration/Poison           5


   Skills:
 + Level 1.3 Fighting
 * Level 1.4 Short Blades
 * Level 1.3 Armour
 + Level 2.9 Dodging
 - Level 1.7 Stealth
 - Level 1.4 Spellcasting
 - Level 3.2 Poison Magic


You had 3 spell levels left.
You knew the following spells:

 Your Spells              Type           Power        Failure   Level  Hunger
a - Sting                 Conj/Pois      #...         28%         1    ##.....


Dungeon Overview and Level Annotations

Branches:
Dungeon (3/15)

Altars:


Innate Abilities, Weirdness & Mutations

You reflexively headbutt those who attack you in melee.
You have a pair of horns on your head.


Message History

The orc wizard seems to speed up.
The giant gecko bites you.
* * * LOW HITPOINT WARNING * * *
The giant gecko misses you.
The orc wizard looks braver.
You slash the giant gecko!
The giant gecko is almost dead.
The giant gecko barely misses you.
You hit the giant gecko but do no damage.
The giant gecko is almost dead.
The giant gecko bites you.
* * * LOW HITPOINT WARNING * * *
You barely miss the giant gecko. You headbutt the giant gecko.
You kill the giant gecko!
The orc wizard's eyes start to glow.
The orc wizard casts a spell at you. The puff of flame hits you! You resist.
* * * LOW HITPOINT WARNING * * *
The orc wizard casts a spell at you. The puff of frost hits you!
You feel a terrible chill!
You die...

.........###... ..
o......... ..#
..#..#.#...###.<.
..$........o.........
.......##.#....###.#
#.#............# ...
...######o.###.# #.#
.. #...o.....# #.#
####@###### #.# . #.#
#.# .# #.# #<# .. #.#
. #.# . #.# .. #.#.#.
#.# ..##.#.#.# #.#
.........# #.#
.....#...# #.#


You could see an orc priest, an orc wizard and an orc.

Vanquished Creatures
  2 adders (D:2)
  A giant gecko (D:3)
  An orc (D:3)
  4 giant cockroaches
  7 hobgoblins
  5 bats
  2 giant newts
  3 goblins
  4 jackals (D:2)
  5 kobolds
  10 rats
44 creatures vanquished.

Notes
Turn   | Place    | Note
--------------------------------------------------------------
     0 | D:1      | Monunkul, the Minotaur Venom Mage, began the quest for the Orb.
     0 | D:1      | Reached XP level 1. HP: 14/14 MP: 2/2
    87 | D:1      | Reached skill level 3 in Poison Magic
   228 | D:1      | Reached XP level 2. HP: 12/20 MP: 2/2
  1225 | D:2      | Reached XP level 3. HP: 22/27 MP: 3/3
  1241 | D:2      | Reached skill level 1 in Short Blades
  1258 | D:2      | Reached skill level 1 in Armour
  1619 | D:2      | Reached skill level 1 in Fighting
  2081 | D:3      | Killed from afar by an orc wizard

Action                   || total
-------------------------++-------
Melee: Unarmed           ||    59
       Short sword       ||    78
  Use: Scroll            ||     2
  Eat: Pizza             ||     1
       Meat ration       ||     1
